Cogmind - Beta 10.2 @@@ ROGUE MODE // 2022.03.04 @ 04:49:29 Player: woegarden Result: Destroyed by D-53 Grenadier with Mini Grenade Launcher Performance ------------- Evolutions (1) 500 Regions Visited (3) 600 Robots Destroyed (15) 75 Value Destroyed (421) 421 Prototype IDs (2) 40 Alien Tech Used (0) 0 Bonus (0) 0 TOTAL SCORE: 1636 Bonus ------- None Cogmind --------- Core Integrity 0/400 Matter 218/300 Energy 100/100 System Corruption 0% Temperature Cool (0) Movement Core (50) Location -9/Mines Parts ------- > --- POWER (1) -------- (None) > --- PROPULSION (3) --- (None) > --- UTILITY (3) ------ (None) > --- WEAPON (2) ------- (None) > --- INVENTORY (4) ---- Improved Ion Engine Improved Treads Improved Heat Sink Large Storage Unit Peak State ------------ > --- POWER ------------ Heavy Ion Engine > --- PROPULSION ------- Light Treads Improved Treads Improved Treads > --- UTILITY ---------- Large Storage Unit Power Shielding Hardlight Generator > --- WEAPON ----------- Light Assault Rifle Improved Assault Rifle > --- INVENTORY -------- Improved Ion Engine Heavy Ion Engine Light Treads Improved Treads Improved Treads Improved Heat Sink Improved Sensor Array Signal Interpreter EM Pulse Cannon Particle Cannon [Rating: 19] Favorites ----------- Power Light Ion Engine Engine Light Ion Engine Propulsion Light Treads Treads Light Treads Leg Aluminum Leg Utility Power Shielding Device Hardlight Generator Storage Large Storage Unit Protection Power Shielding Weapon Light Assault Rifle Energy Gun Medium Laser Ballistic Gun Light Assault Rifle Ballistic Cannon Improved Light Cannon Build | -11 -10 -9 -9 ------- Run | Scr Mat Mat Min Slots Evolved 2 | . . 2 . Power . | . . . . Propulsion 1 | . . 1 . Utility 1 | . . 1 . Weapon . | . . . . Parts Attached 34 | . 5 27 2 Power 3 | . 1 2 . Engine 3 | . 1 2 . Core . | . . . . Reactor . | . . . . Propulsion 15 | . 2 12 1 Treads 14 | . 2 11 1 Leg 1 | . . 1 . Wheel . | . . . . Hover . | . . . . Flight . | . . . . Utility 8 | . 1 6 1 Device 2 | . . 2 . Storage 1 | . . 1 . Processor . | . . . . Hackware . | . . . . Protection 5 | . 1 3 1 Artifact . | . . . . Weapon 8 | . 1 7 . Energy Gun . | . . . . Energy Cannon . | . . . . Ballistic Gun 7 | . 1 6 . Ballistic Cannon 1 | . . 1 . Launcher . | . . . . Special Weapon . | . . . . Impact Weapon . | . . . . Slashing Weapon . | . . . . Piercing Weapon . | . . . . Special Melee Weapon . | . . . . Unidentified Prototypes 2 | . . 2 . Parts Lost 17 | . 4 6 7 Power 2 | . 1 1 . Propulsion 6 | . . 2 4 Utility 3 | . . 2 1 Weapon 6 | . 3 1 2 Highest Loss Streak 7 | . 3 2 7 Average Slot Usage (%) 83 | . 84 82 92 Engine 8 | . 13 6 11 Treads 22 | . 9 27 28 Leg 5 | . 18 1 . Device 3 | . . 4 8 Storage 12 | . 14 12 11 Protection 11 | . 8 13 11 Energy Gun 2 | . 7 . . Ballistic Gun 14 | . 11 16 11 Naked Turns 1 | . . . 1 Heaviest Build 37 | 10 11 37 37 Greatest Support 69 | 20 40 69 66 Greatest Overweight (x) 2 | . . 2 1 Average Overweight (x) . | . . . . Largest Inventory Capacity 12 | 6 6 12 10 Average Capacity 9 | 6 6 10 9 Most Carried 10 | 6 6 10 10 Average Carried 6 | 6 4 6 9 Final Capacity 10 | 6 6 10 4 Final Carried 10 | 6 1 10 4 Class Distribution -------------------- 66% | Mutant 33% | Scavenger-Mutant Dominant Class ---------------- Mutant | -10/Materials Mutant | -9/Materials Mutant | -9/Mines Resources | -11 -10 -9 -9 ----------- Run | Scr Mat Mat Min Matter Collected 542 | 200 51 291 . Remotely . | . . . . Salvage Created 560 | . 107 437 16 Parts 36 | . 7 29 . Haulers Intercepted 1 | . . 1 . Recyclers Shooed 1 | . . 1 . Parts Field Recycled . | . . . . Retrieved Matter . | . . . . Parts Self-Destructed . | . . . . Prevented . | . . . . Kills | -11 -10 -9 -9 ------- Run | Scr Mat Mat Min Combat Hostiles Destroyed 14 | . 3 10 1 Guns 14 | . 3 10 1 Classes Destroyed 6 | . 1 4 1 Hauler 1 | . . 1 . Watcher 1 | . . 1 . Swarmer 4 | . . 4 . Grunt 5 | . 3 2 . Sentry 4 | . . 4 . Assembled 1 | . . . 1 Best Kill Streak 6 | . 2 6 1 Combat Bots Only 6 | . 2 6 1 Max Kills in Single Turn 1 | . 1 1 1 Gunslinging . | . . . . Exploded . | . . . . Melee . | . . . . Uniques/NPCs Destroyed . | . . . . Combat | -11 -10 -9 -9 -------- Run | Scr Mat Mat Min Damage Taken 3170 | . 757 1577 836 Core 533 | . 132 302 99 Absorbed by Shields 156 | . . 117 39 Core Remaining (%) 73 | 100 47 . . Volleys Fired 64 | . 11 49 4 Largest 2 | . 1 2 2 Hottest 62 | . 20 43 62 Shots Fired 101 | . 11 82 8 Gun 97 | . 11 82 4 Cannon 4 | . . . 4 Launcher . | . . . . Special . | . . . . Kinetic 101 | . 11 82 8 Thermal . | . . . . Explosive . | . . . . Electromagnetic . | . . . . Robot Hit Streak 26 | . 6 26 21 Robot Miss Streak 3 | . 2 3 1 Penetration Max . | . . . . Secondary Targets . | . . . . Shots Hit Robots 76 | . 9 62 5 Core Hits 33 | . 5 26 2 Critical Hits . | . . . . Critical Kills . | . . . . Critical Parts Destroyed . | . . . . Melee Attacks . | . . . . Impact . | . . . . Slashing . | . . . . Piercing . | . . . . Sneak Attacks . | . . . . Combat Hostiles . | . . . . Follow-up Attacks . | . . . . Damage Inflicted 765 | . 81 578 106 Guns 708 | . 69 578 61 Cannons 45 | . . . 45 Explosions . | . . . . Melee . | . . . . Ramming 12 | . 12 . . Kinetic 753 | . 69 578 106 Thermal . | . . . . Explosive . | . . . . Electromagnetic . | . . . . Impact . | . . . . Slashing . | . . . . Piercing . | . . . . Highest Corruption 4 | . 4 . . Average Corruption 2 | . 2 . . Corruption Purged . | . . . . Effects 1 | . 1 . . Targeting Errors 1 | . 1 . . Overload Shots . | . . . . Overflow Damage . | . . . . Projectiles . | . . . . Explosions . | . . . . Melee . | . . . . Knockbacks 3 | . 1 . 2 Impact 1 | . 1 . . Kinetic 2 | . . . 2 Secondary . | . . . . Self-Inflicted Damage . | . . . . Shots . | . . . . Rammed 2 | . 2 . . Targets Rammed 3 | . 3 . . Kicked 1 | . 1 . . Crushed . | . . . . Highest Temperature 19 | . 6 19 12 Average Temperature 6 | . 6 5 10 Received Heat Transfer 996 | . 426 556 14 Siege Activations . | . . . . Robots Corrupted . | . . . . Combat Hostiles . | . . . . Parts Fried . | . . . . Impact Corruptions . | . . . . Robots Melted . | . . . . Combat Hostiles . | . . . . Parts Melted . | . . . . Heat Transferred . | . . . . Parts Sabotaged . | . . . . Parts Stolen . | . . . . Parts Stripped . | . . . . Power Chain Reactions . | . . . . Missiles Intercepted . | . . . . Alert | -11 -10 -9 -9 ------- Run | Scr Mat Mat Min Peak Influence 320 | . 160 320 94 Initial 94 | . . 63 94 Average 155 | . 98 184 82 Maximum Alert Level 1 | . . 1 . Low Security (%) 69 | 100 100 54 100 Level 1 30 | . . 45 . Level 2 . | . . . . Level 3 . | . . . . Level 4 . | . . . . Level 5 . | . . . . High Security . | . . . . Max Security . | . . . . Squads Dispatched 3 | . 2 1 . Investigation . | . . . . Extermination . | . . . . Reinforcement 3 | . 2 1 . Assault . | . . . . Garrison . | . . . . Intercept . | . . . . Construction Impeded . | . . . . Haulers Reinforced . | . . . . Stealth | -11 -10 -9 -9 --------- Run | Scr Mat Mat Min Distress Signals 3 | . 1 2 . Communications Jammed . | . . . . Distress Signals . | . . . . Times Spotted 52 | . 17 22 13 Peak Tracking Total 10 | . 9 10 7 Tactical Retreats 3 | . 2 1 . Traps | -11 -10 -9 -9 ------- Run | Scr Mat Mat Min Traps Triggered 4 | . 2 2 . Indirectly . | . . . . Trap Hack Attempts . | . . . . Triggered . | . . . . Disarmed . | . . . . Reprogrammed . | . . . . Reused . | . . . . Traps Extracted . | . . . . Installed . | . . . . Triggered . | . . . . Machines | -11 -10 -9 -9 ---------- Run | Scr Mat Mat Min Machines Disabled . | . . . . Max in Single Turn . | . . . . Machines Sabotaged . | . . . . Garrisons Compromised . | . . . . Overloaded Fab Kills . | . . . . Fab Network Shutdowns . | . . . . Hacking | -11 -10 -9 -9 --------- Run | Scr Mat Mat Min Machines Accessed . | . . . . Terminals . | . . . . Fabricators . | . . . . Repair Stations . | . . . . Recycling Units . | . . . . Scanalyzers . | . . . . Garrison Access . | . . . . Total Hacks . | . . . . Successful . | . . . . Failed . | . . . . Catastrophic . | . . . . Database Lockouts . | . . . . Manual . | . . . . Terminals . | . . . . Fabricators . | . . . . Repair Stations . | . . . . Recycling Units . | . . . . Scanalyzers . | . . . . Garrison Access . | . . . . Terminal Hacks . | . . . . Fabricator Hacks . | . . . . Repair Station Hacks . | . . . . Recycling Unit Hacks . | . . . . Scanalyzer . | . . . . Garrison Access Hacks . | . . . . Unauthorized Hacks . | . . . . Terminals . | . . . . Fabricators . | . . . . Repair Stations . | . . . . Recycling Units . | . . . . Scanalyzers . | . . . . Garrison Access . | . . . . Data Cores Recovered . | . . . . Used . | . . . . Hacking Detections . | . . . . Full Trace Events . | . . . . Feedback Events . | . . . . Feedback Blocked . | . . . . Robot Schematics Acquired . | . . . . Robots Built . | . . . . Matter . | . . . . Time . | . . . . Total Robot Build Rating . | . . . . Part Schematics Acquired . | . . . . Parts Built . | . . . . Matter . | . . . . Time . | . . . . Total Part Build Rating . | . . . . Parts Repaired . | . . . . Time . | . . . . Parts Recycled . | . . . . Recycled Matter . | . . . . Retrieved Matter . | . . . . Retrieved Components . | . . . . Parts Scanalyzed . | . . . . Part Schematics Acquired . | . . . . Parts Damaged . | . . . . Bothacking | -11 -10 -9 -9 ------------ Run | Scr Mat Mat Min Used RIF Installer . | . . . . Robots Hacked . | . . . . Non-combat . | . . . . Combat . | . . . . Robot Hacks Applied . | . . . . Relay Couplers Released . | . . . . Robots Rewired . | . . . . Allies Hacked . | . . . . Hacks Repelled . | . . . . Allies | -11 -10 -9 -9 -------- Run | Scr Mat Mat Min Total Allies . | . . . . Largest Group . | . . . . Highest-Rated Group . | . . . . Highest-Rated Ally . | . . . . Total Orders . | . . . . Ally Attacks . | . . . . Total Damage . | . . . . Kills . | . . . . Allies Corrupted . | . . . . Allies Melted . | . . . . Intel | -11 -10 -9 -9 ------- Run | Scr Mat Mat Min Robot Analysis Total . | . . . . Derelict Logs Recovered . | . . . . Drone Launches . | . . . . Drone Recoveries . | . . . . Exploration | -11 -10 -9 -9 ------------- Run | Scr Mat Mat Min Turns Passed 1027 | 3 275 698 51 Spaces Moved 533 | 3 186 322 22 Core 1 | . . . 1 Treads 333 | . 47 265 21 Legs 199 | 3 139 57 . Wheels . | . . . . Hover . | . . . . Flight . | . . . . Fastest Speed 50 | 120 120 120 50 Average Speed 149 | 120 130 160 155 Slowest Speed 180 | 120 160 180 180 Overloaded Moves . | . . . . Propulsion Burnouts . | . . . . Robots Hopped . | . . . . Cave-ins Triggered . | . . . . Exploration Rate (%) 21 | 2 35 34 15 Regions Visited 3 Branch Regions 1 Pre-discovered Areas . | . . . . Known Exits Taken . | . . . . Unknown Exits Taken 3 | 1 1 1 . Scrap Searched . | . . . . Spaces Dug . | . . . . Terrain Destroyed 1 | . . . 1 Melee . | . . . . Projectile 1 | . . . 1 AOE . | . . . . Terrain Rammed . | . . . . Walls Destroyed . | . . . . Machines Disabled . | . . . . Actions | -11 -10 -9 -9 --------- Run | Scr Mat Mat Min Total 673 | 2 209 431 31 Wait 9 | . . 8 1 Move 530 | 2 185 321 22 Hop . | . . . . Pick Up 18 | . 1 16 1 Fast Attach 11 | . 1 10 . Attach 10 | . 2 7 1 Detach . | . . . . Swap 13 | . 2 10 1 Drop 15 | . 4 10 1 Fire 64 | . 11 49 4 Melee . | . . . . Ram . | . . . . Kick 1 | . 1 . . Crush 2 | . 2 . . Escape Stasis . | . . . . Rewire . | . . . . Trap . | . . . . Miscellaneous . | . . . . Route ------- -11/Scrapyard -10/Materials -9/Materials -9/Mines History --------- Turn | Location | Event 1 | -11/Scrapyard | Discovered new exit (range 0) 4 | -11/Scrapyard | Entered Materials 197 | -10/Materials | Lost 3 parts (1p2w) 235 | -10/Materials | Core integrity fell below 50% 269 | -10/Materials | Discovered new exit (range 8) 279 | -10/Materials | Entered another Materials area 279 | -9/Materials | Evolved 2 slots: Propulsion x1, Utility x1 300 | -9/Materials | Build established: Mutant 468 | -9/Materials | Core integrity fell below 50% 784 | -9/Materials | Build established: Scavenger-Mutant 961 | -9/Materials | Discovered new exit (range 11) 977 | -9/Materials | Entered Mines 978 | -9/Mines | Assembled infested the area 1007 | -9/Mines | Core integrity fell below 20% 1027 | -9/Mines | Released all parts (3) 1028 | -9/Mines | Destroyed by D-53 Grenadier with Mini Grenade Launcher Last Messages --------------- 01016_ Hardlight Generator destroyed. 01018_ U-05 Engineer destroyed. 01018_ R-06 Scavenger collects Wheel. 01019_ The unstable cave ceiling collapses. 01019_ Terrain Scanner crushed. 01020_ as-74720 destroyed. 01021_ The unstable cave ceiling collapses. 01021_ R-06 Scavenger collects Wheel. 01022_ Lgt. Treads destroyed. 01023_ The unstable cave ceiling collapses. 01024_ Imp. Treads destroyed. 01026_ Imp. Light Cannon destroyed. 01026_ Lgt. Treads destroyed. 01026_ Imp. Assault Rifle destroyed. 01027_ The unstable cave ceiling collapses. 01027_ Released Core Shielding. 01027_ Released Lrg. Storage Unit. 01027_ Released Hvy. Ion Engine. 01027_ Dropped Signal Interpreter. 01028_ Acquired Lrg. Storage Unit. Map ----- +----------------------------------------------------+ | ?????????????????????????????????????????? | | ?????????????????????????????????????????? | | ?????????????????????????????????????????? | | ?????????????????????????????????????????? | | ?????????????????????????????????????????? | | ?????????????????????????????????????????? | | ?????????????????????????????????????????? | | ?????????????????????????????????????????? | | ?????????????????????????????????????????? | | ?????????????????????????????????????????? | | ?????????????????????????????????????????? | | ?????????????????????????????????????????? | | ?????????????????????????????????????????? | | ?????????????????????????????????????????? | | ?????????????????????????????????????????? | | ?????????????????????????????????????????? | | ?????????????????????????????????????????? | | ???? ##??????????????????????????????????? | | ????? ?????????????????????????????????? | | ??????? ###########?????????????????????? | | ?????????kk ## # ###???##??????????????? | | ??????????#t # #? ## ?????????? | | ??????????# # #????????? | | ??????????# ]=! ????????????? | | ??????????# r !!] ##??????????????????? | | ??######?## *@ #??????????????????? | | ?## ### d ! #??????????????????? | | ?# # d ##??????????????????? | | ?# #####????????????????? | | ?# #????????????????? | | ?## ## #????????????????? | | ??#### ##? ??????????????? | | ?????# # #??? ????????????? | | ?????# a #### ????????????? | | ????## # ##?????????????????? | | ????# ## # ## #??????????????????? | | ????# #### "##??????????????????? | | ????# #??# #???????????????????? | | ??### #### ##### #???????????????????? | | ??# ## #????# ??????????????????? | | ??# ## #????? ??????????????????? | | ??# ## ?????? #?????????????????? | | ??# ###?????? ???????????????????? | | ??# #????????????????????????????????? | | ??# #????????????????????????????????? | | ??#######????????????????????????????????? | | ?????????????????????????????????????????? | | ?????????????????????????????????????????? | | ?????????????????????????????????????????? | | ?????????????????????????????????????????? | +----------------------------------------------------+ Best States ------------- Heat Dissipation 28 Energy Generation 14 Energy Capacity 280 Matter Stores 300 Matter Capacity 300 Sight Range 16 Terrain Scan Density 10 Armor Coverage 150 Core Shielding 20 Power Shielding 33 Evasion (%) 40 Recoil Reduction 3 Item Schematics ----------------- None Robot Schematics ------------------ None Fabricated ------------ Nothing Alien Tech Used ----------------- None Achievements -------------- None Challenges ------------ None Game ------ Seed DispersionInertialFlamer Manual? 0 Play Time 00:16:33 Cumulative 69.4 hours Start 2022.03.04 @ 04:33:11 End 2022.03.04 @ 04:49:29 Sessions 1 Manual Loads 0 Difficulty Rogue Special Mode None Game No. 93 Rogue 47 Adventurer 45 Explorer 1 Win Type - Total 0 Types 0/0/0/0/0/0/0/0/0 Lore% 25 Gallery% 46 Achievement% 31 Wizard Run 0 Options --------- ASCII 0 Keyboard 0 Movement Mouse Keybinds 0 Fullscreen 2 Font 16/Proggy Map View 76x50 Tactical HUD 1 Map Filters NONE Filters LOW_CONTRAST(13,24,33)|BRIGHTNESS(90)|SATURATION(87) Steam 1 RUN: bdba536b-acf9-4135-b885-68cf3c983e07